 Dungeon Crawl Stone Soup version 0.17.1-3-g152610e (webtiles) character file.

17475 Scadouge the Thaumaturge (level 12, -3/59 HPs)
             Began as a Deep Elf Summoner on Mar 5, 2016.
             Was a High Priest of Elyvilon.
             Slain by an eight-headed hydra (15 damage)
             ... on level 1 of the Swamp on Mar 8, 2016.
             The game lasted 04:34:45 (22993 turns).

Scadouge the Thaumaturge (Deep Elf Summoner)       Turns: 22993, Time: 04:34:46

Health: -3/59      AC:  6    Str:  3    XL:     12   Next: 19%
Magic:  40/46      EV: 14    Int: 31    God:    Elyvilon [*****.]
Gold:   1854       SH:  0    Dex: 17    Spells: 8 memorised, 9 levels left

rFire  + . .     SeeInvis .     W - staff of power
rCold  + + .     Clarity  .     c - +2 robe {rC+ rF+}
rNeg   . . .     SustAt   .     (no shield)
rPois  .         Gourm    .     (no helmet)
rElec  .         Spirit   .     (no cloak)
rCorr  +         Warding  .     (no gloves)
rMut   .         Stasis   .     j - +2 pair of boots
MR     ++...                    y - amulet of resist corrosion
Stlth  +++++.....               Z - ring of stealth
                                h - +5 ring of intelligence

@: repel missiles, very resistant to hostile enchantments, quite stealthy
A: talons 1, agile 1, cold resistance 1, deformed body, magic resistance 1, weak
1, MP-powered wands
a: Lesser Healing, Heal Other, Purification, Greater Healing, Divine Vigour,
Divine Protection, Renounce Religion


You were on level 1 of the Swamp.
You worshipped Elyvilon.
Elyvilon was extremely pleased with you.
You were not hungry.

You visited 5 branches of the dungeon, and saw 23 of its levels.
You also visited: Sewer and Bailey.

You collected 1854 gold pieces.

Inventory:

Hand Weapons
 u - the +11 long sword "Viucum" {slice, rElec Dex+3 Stlth-}
   (You found it on level 5 of the Dungeon)

   It inflicts extra damage upon your enemies.
   It affects your dexterity (+3).
   It insulates you from electricity.
   It makes you less stealthy.
Missiles
 p - 2 throwing nets (quivered)
 T - 2 javelins of returning
Armour
 c - a +2 robe of resistance (worn)
 j - a +2 pair of boots (worn)
 Q - the +1 ring mail of Terror {Dex+3 Stlth+}
   (You found it on level 9 of the Dungeon)

   It affects your dexterity (+3).
   It makes you more stealthy.
 Y - a +0 pair of gloves
Magical Staves
 W - an uncursed staff of power (weapon)
Jewellery
 e - an uncursed ring of fire
 h - a +5 ring of intelligence (left hand)
 k - an uncursed ring of flight
 t - a +2 ring of protection
 y - an amulet of resist corrosion (around neck)
 A - an uncursed ring of poison resistance
 X - a +1 ring of slaying
 Z - a ring of stealth (right hand)
Wands
 E - a wand of magic darts (26)
 F - a wand of flame (23)
 I - a wand of enslavement (8)
 K - a wand of slowing (38)
 N - a wand of frost (17)
 U - a wand of fireball (3)
 V - a wand of heal wounds (6)
Scrolls
 f - 2 scrolls of fog
 g - 7 scrolls of recharging
 i - 2 scrolls of magic mapping
 m - 2 scrolls of fear
 n - 4 scrolls of identify
 r - 4 scrolls of enchant armour
 z - 2 scrolls of amnesia
 B - 3 scrolls of teleportation
 C - 5 scrolls of remove curse
 L - a scroll of enchant weapon
 O - a scroll of acquirement
Potions
 a - a potion of brilliance
 s - 2 potions of curing
 w - 3 potions of lignification
 D - 2 potions of haste
 H - a potion of ambrosia
 R - a potion of might
Books
 b - a book of Callings

   Spells                             Type                      Level
   a - Summon Small Mammal            Summoning                    1
   b - Call Imp                       Summoning                    2
   c - Call Canine Familiar           Summoning                    3
   d - Summon Guardian Golem          Hexes/Summoning              3
   e - Summon Lightning Spire         Summoning/Air                4
   f - Summon Ice Beast               Ice/Summoning                4
 d - a book of Transfigurations

   Spells                             Type                      Level
   a - Stoneskin                      Transmutation/Earth          2
   b - Irradiate                      Conjuration/Transmutation    5
   c - Statue Form                    Transmutation/Earth          6
   d - Hydra Form                     Transmutation                6
   e - Dragon Form                    Transmutation                7
 o - a book of Beasts

   Spells                             Type                      Level
   a - Summon Butterflies             Summoning                    1
   b - Call Canine Familiar           Summoning                    3
   c - Summon Ice Beast               Ice/Summoning                4
   d - Summon Mana Viper              Hexes/Summoning              5
   e - Summon Hydra                   Summoning                    7
 q - a book of Air

   Spells                             Type                      Level
   a - Shock                          Conjuration/Air              1
   b - Swiftness                      Charms/Air                   2
   c - Repel Missiles                 Charms/Air                   2
   d - Static Discharge               Conjuration/Air              3
   e - Lightning Bolt                 Conjuration/Air              5
 P - a book of Ice

   Spells                             Type                      Level
   a - Ice Form                       Ice/Transmutation            4
   b - Metabolic Englaciation         Hexes/Ice                    5
   c - Ozocubu's Refrigeration        Ice                          6
   d - Bolt of Cold                   Conjuration/Ice              6
   e - Freezing Cloud                 Conjuration/Ice/Air          6
   f - Simulacrum                     Ice/Necromancy               6
Miscellaneous
 x - a disc of storms
 S - a phantom mirror
Comestibles
 l - 5 meat rations
 v - 28 fruits
 G - 4 chunks of flesh
 M - 5 bread rations


   Skills:
 - Level 3.2 Dodging
 - Level 9.6 Stealth
 - Level 13.5 Spellcasting
 * Level 6.6 Conjurations
 - Level 13.0 Summonings
 - Level 5.7 Ice Magic
 - Level 0.2 Air Magic
 * Level 1.8 Invocations
 - Level 6.6 Evocations


You had 9 spell levels left.
You knew the following spells:

 Your Spells              Type           Power        Failure   Level  Hunger
a - Summon Small Mammal   Summ           ####         0%          1    None
b - Call Canine Familiar  Summ           #######.     1%          3    None
c - Summon Lightning Spi  Summ/Air       ######..     1%          4    None
d - Summon Ice Beast      Ice/Summ       ######..     1%          4    None
e - Summon Hydra          Summ           #######...   12%         7    #####..
f - Swiftness             Chrm/Air       ###.....     4%          2    None
g - Bolt of Cold          Conj/Ice       ######....   28%         6    ####...
h - Repel Missiles        Chrm/Air       ###...       4%          2    None


Dungeon Overview and Level Annotations

Branches:
Dungeon (11/15)              Lair (6/8) D:11          Swamp (1/4) Lair:6
    Orc (4/4) D:9             Elf (1/3) Orc:3
 Temple: D:4-7        Snake: Lair:3-6    Spider: Lair:3-6     Slime: Lair:6-8

Altars:
Ashenzari
Cheibriados
Elyvilon
Makhleb
Okawaru
Qazlal
Vehumet
Xom

Shops:
Orc:4 *

Annotations:
Lair:2 Nergalle


Innate Abilities, Weirdness & Mutations

You have sharp toenails.
You are agile. (Dex +2)
Your flesh is cold resistant.
Armour fits poorly on your strangely shaped body.
You are resistant to hostile enchantments.
You are weak. (Str -2)
You expend magic power (3 MP) to strengthen your wands.


Message History

Your summoned ally is left behind.
There is a staircase to the Swamp here.
You climb downwards.
Welcome to the Swamp!
This branch contains the decaying rune of Zot.
You feel a wave of frost pass over you.
There is an entrance to an ice cave on this level.
Hurry and find it before the portal melts!
Your lightning spire disappears in a puff of smoke!
Your ice beast disappears in a puff of smoke!
The eight-headed hydra bites you. The eight-headed hydra bites you!
The eight-headed hydra barely misses you.
The eight-headed hydra bites you! The eight-headed hydra bites you.
The eight-headed hydra barely misses you.
The eight-headed hydra bites you!
The eight-headed hydra closely misses you.
There is a staircase back to the Lair, spattered with blood here.
Cast which spell? (? or * to list)
The eight-headed hydra misses you. The eight-headed hydra bites you.
* * * LOW HITPOINT WARNING * * *
The eight-headed hydra bites you!
You die...

♣♣♣♣♣ ♣♣...♣
♣♣♣♣♣
♣♣.≈≈≈♣♣.....
♣♣≈.≈≈≈..F≈≈..
♣≈...}§..≈≈≈.≈
.
♣≈......≈D.F♣
.≈.♣...≈≈.♣♣
≈....≈≈≈≈F≈♣
..≈..≈≈rD@♣♣
...♣♣.♣♣♣♣♣ ♣


You could see an eight-headed hydra, a spiny frog and a friendly quokka.

Vanquished Creatures
  The ghost of subsebi the Cleaver, a novice DsCK of Xom (D:9)
  A torpor snail (Lair:6)
  A warg (Orc:1)
  A hungry ghost (D:10)
  A soldier ant (D:10)
  An ogre (D:8)
  4 orc warriors
  A sky beast (D:4)
  4 giant frogs
  A big kobold (D:8)
  A wight (D:7)
  2 killer bees (D:11)
  An orc priest (D:10)
  A crimson imp (D:11)
  A centaur skeleton (D:11)
  4 hounds
  3 iguanas
  4 orc wizards
  4 worker ants
  A worker ant zombie (D:5)
  Robin (D:4)
  An adder (D:2)
  6 gnolls
  5 river rats
  An adder zombie (D:7)
  An adder skeleton (D:8)
  6 giant geckos
  23 orcs
  A ball python (D:4)
  5 bats
  6 goblins
  2 hobgoblins
  3 quokkas
  4 giant cockroaches
  A giant gecko skeleton (D:4)
  4 giant newts
  A jackal skeleton (D:7)
  7 kobolds (D:6)
  A quokka skeleton (D:9)
  17 rats
  4 plants (D:6)
138 creatures vanquished.

Vanquished Creatures (collateral kills)
  Harold (Orc:1)
  5 hydras
  The ghost of Sanvar the Skirmisher, a novice DrMo of Sif Muna (D:6)
  2 hill giants (D:11)
  An orc knight (Bailey)
  A cyclops (D:11)
  A griffon (Lair:5)
  4 black mambas
  The ghost of ens the Magician, a novice DEWz of Sif Muna (D:7)
  7 spiny frogs
  4 komodo dragons
  4 trolls
  2 fire drakes (Lair:5)
  A polar bear (Lair:4)
  A boulder beetle (Lair:5)
  A shadow (D:10)
  A wraith (D:11)
  2 wyverns
  4 blink frogs (Lair:3)
  3 deep elf magi
  A spriggan (Lair:6)
  A basilisk (Lair:4)
  5 wolves
  Eustachio (D:4)
  4 hippogriffs
  14 yaks
  4 deep elf fighters
  2 hungry ghosts
  6 swamp worms (Lair:6)
  Edmund (D:5)
  A warg (Orc:3)
  10 water moccasins
  8 porcupines
  A swamp drake (Swamp:1)
  3 sky beasts
  2 eyes of draining
  An ice beast (D:5)
  16 orc warriors
  2 centaurs
  4 ogres
  8 crocodiles
  A big kobold (D:6)
  Blork the orc (D:4)
  2 gnoll sergeants (D:5)
  7 giant frogs
  2 scorpions
  A water moccasin skeleton (D:7)
  19 killer bees
  3 electric eels
  A quasit (D:5)
  4 wights
  2 crimson imps
  4 hounds
  3 jellies
  A wasp zombie (D:11)
  14 orc wizards
  8 orc priests
  2 iguanas
  Terence (D:2)
  2 hell rats (D:7)
  25 sheep
  A worker ant (D:6)
  11 gnolls
  9 adders
  40 river rats
  An ooze (D:3)
  3 worms
  A giant gecko (D:5)
  76 orcs
  A bat (D:3)
  21 hobgoblins
  2 giant cockroaches
  24 goblins
  16 kobolds
  13 rats
  A bush (Lair:6)
  2 fungi
  2 plants
469 creatures vanquished.

Vanquished Creatures (others)
  A centaur (D:5)
  A hound (D:5)
  A worker ant (D:5)
  An adder (D:5)
  An orc (D:5)
  A fungus (Lair:3)
  4 plants
10 creatures vanquished.

Grand Total: 617 creatures vanquished

Notes
Turn   | Place    | Note
--------------------------------------------------------------
     0 | D:1      | Scadouge the Deep Elf Summoner began the quest for the Orb.
     0 | D:1      | Reached XP level 1. HP: 10/10 MP: 6/6
   737 | D:1      | Reached XP level 2. HP: 1/15 MP: 4/8
  1139 | D:2      | Noticed Terence
  1268 | D:2      | Found a snail-covered altar of Cheibriados.
  1601 | D:2      | Reached XP level 3. HP: 19/19 MP: 7/10
  1606 | D:2      | Learned a level 3 spell: Call Canine Familiar
  1844 | D:2      | Killed Terence
  1844 | D:2      | Reached skill level 5 in Summonings
  2381 | D:3      | Found a white marble altar of Elyvilon.
  2391 | D:3      | Became a worshipper of Elyvilon the Healer
  3257 | D:4      | Reached XP level 4. HP: 24/24 MP: 12/12
  3263 | D:4      | Learned a level 4 spell: Summon Lightning Spire
  3306 | D:4      | Noticed Eustachio
  3377 | D:4      | Found a glowing drain.
  3381 | Sewer    | Entered a sewer
  3502 | D:4      | Noticed a scorpion
  3509 | D:4      | Killed a scorpion
  3514 | D:4      | Reached XP level 5. HP: 28/28 MP: 7/14
  3525 | D:4      | Reached skill level 5 in Spellcasting
  3666 | D:4      | Found an iron altar of Okawaru.
  3772 | D:4      | Noticed Blork the orc
  3895 | D:4      | Learned a level 4 spell: Summon Ice Beast
  3917 | D:4      | Reached * piety under Elyvilon
  4182 | D:4      | Noticed Robin
  4193 | D:4      | Killed Robin
  4398 | D:4      | Killed Eustachio
  4398 | D:4      | Reached skill level 6 in Spellcasting
  4398 | D:4      | Reached XP level 6. HP: 32/32 MP: 5/17
  4536 | D:4      | Killed Blork the orc
  4620 | D:4      | Found a stormy altar of Qazlal.
  5088 | D:5      | Entered Level 5 of the Dungeon
  5109 | D:5      | Found a shattered altar of Ashenzari.
  5197 | D:5      | Got an encrusted long sword
  5198 | D:5      | Identified the +11 long sword "Viucum" {slice, rElec Dex+3 Stlth-} (You found it on level 5 of the Dungeon)
  5276 | D:5      | Reached skill level 7 in Spellcasting
  5299 | D:4      | Reached XP level 7. HP: 31/36 MP: 7/19
  5474 | D:5      | Noticed a deep elf fighter
  5896 | D:5      | Killed a deep elf fighter
  5896 | D:5      | Reached skill level 5 in Stealth
  5898 | D:5      | Reached skill level 8 in Spellcasting
  5910 | D:5      | Noticed a deep elf fighter
  6139 | D:5      | Killed a deep elf fighter
  6489 | D:5      | Found a shimmering altar of Xom.
  6593 | D:5      | Reached XP level 8. HP: 39/41 MP: 17/22
  6662 | D:5      | Found a burning altar of Makhleb.
  6680 | D:5      | Noticed Edmund
  6689 | D:5      | Killed Edmund
  6689 | D:5      | Reached skill level 1 in Evocations
  7171 | D:6      | Gained mutation: Armour fits poorly on your strangely shaped body. [mutagenic meat]
  7172 | D:6      | Gained mutation: You are resistant to hostile enchantments. [mutagenic meat]
  7173 | D:6      | Gained mutation: Your flesh is cold resistant. [mutagenic meat]
  7174 | D:6      | Gained mutation: Your magical capacity is low (-10% MP). [mutagenic meat]
  7205 | D:6      | Noticed Sanvar's ghost (novice DrMo)
  7241 | D:6      | Killed Sanvar's ghost
  7241 | D:6      | Reached skill level 9 in Spellcasting
  7626 | D:6      | Reached ** piety under Elyvilon
  8554 | D:7      | Noticed ens's ghost (novice DEWz)
  8560 | D:7      | Killed ens's ghost
  8946 | D:7      | Reached XP level 9. HP: 43/45 MP: 13/22
  9289 | D:7      | Reached skill level 10 in Spellcasting
 10109 | D:9      | Found a flagged portal.
 10242 | D:9      | Found a snail-covered altar of Cheibriados.
 10292 | Bailey   | Entered a bailey
 10507 | Bailey   | Noticed an orc knight
 10523 | Bailey   | Killed an orc knight
 10523 | Bailey   | Reached skill level 11 in Spellcasting
 10978 | Bailey   | Noticed an orc warlord
 11247 | D:9      | Reached skill level 10 in Summonings
 11457 | D:9      | Noticed subsebi's ghost (novice DsCK)
 11472 | D:9      | Killed subsebi's ghost
 11472 | D:9      | Reached XP level 10. HP: 30/50 MP: 11/25
 11854 | D:9      | Found a staircase to the Orcish Mines.
 11937 | D:9      | Reached skill level 5 in Evocations
 12091 | D:9      | Reached *** piety under Elyvilon
 12177 | D:9      | Got a heavily runed ring mail
 12178 | D:9      | Identified the +1 ring mail of Terror {Dex+3 Stlth+} (You found it on level 9 of the Dungeon)
 12233 | Orc:1    | Entered Level 1 of the Orcish Mines
 12274 | D:9      | Reached skill level 12 in Spellcasting
 12878 | Orc:1    | Noticed Harold
 13159 | Orc:1    | Killed Harold
 13610 | Orc:3    | Found a staircase to the Elven Halls.
 13938 | Elf:1    | Entered Level 1 of the Elven Halls
 13983 | Elf:1    | Found a radiant altar of Vehumet.
 14025 | Orc:3    | Reached **** piety under Elyvilon
 14354 | Orc:4    | Entered Level 4 of the Orcish Mines
 14407 | Orc:4    | Noticed an orc knight
 14427 | Orc:4    | Noticed an orc knight
 14428 | Orc:4    | Found Umosuiph's General Store.
 14431 | Orc:4    | Noticed an orc high priest
 14778 | D:10     | Entered Level 10 of the Dungeon
 15160 | D:10     | Learned a level 7 spell: Summon Hydra
 16243 | D:11     | Noticed a hill giant
 16259 | D:11     | Killed a hill giant
 16353 | D:11     | Noticed a cyclops
 16365 | D:11     | Killed a cyclops
 16442 | D:11     | Noticed a red ugly thing
 16569 | D:11     | Gained mutation: You are dopey. (Int -2) [potion of mutation]
 16569 | D:11     | Gained mutation: You are agile. (Dex +2) [potion of mutation]
 16569 | D:11     | Gained mutation: You have sharp toenails. [potion of mutation]
 16733 | D:11     | Noticed a white ugly thing
 16910 | D:11     | Reached XP level 11. HP: 54/54 MP: 6/27
 17195 | D:11     | Noticed a hill giant
 17201 | D:11     | Killed a hill giant
 17236 | D:11     | Gained mutation: You are weak. (Str -2) [potion of mutation]
 17236 | D:11     | Lost mutation: You are dopey. (Int -2) [potion of mutation]
 17237 | D:11     | Lost mutation: Your magical capacity is low (-10% MP). [potion of mutation]
 17466 | D:11     | Found a staircase to the Lair.
 17589 | Lair:1   | Entered Level 1 of the Lair of Beasts
 17790 | Lair:1   | Reached ***** piety under Elyvilon
 17820 | Lair:1   | Noticed a five-headed hydra
 17842 | Lair:1   | Killed a five-headed hydra
 18314 | Lair:2   | Got a polished falchion
 18315 | Lair:2   | Identified the +8 falchion "Lifebane" {flame, rF+ Str+3 Int-4} (You found it on level 2 of the Lair of Beasts)
 18333 | Lair:2   | Reached skill level 13 in Spellcasting
 18478 | Lair:2   | Noticed Nergalle
 18490 | Lair:2   | Noticed a five-headed hydra
 18945 | Lair:2   | Killed a five-headed hydra
 19009 | Lair:2   | Gained mutation: You expend magic power (3 MP) to strengthen your wands. [potion of mutation]
 19548 | Lair:3   | Reached skill level 1 in Ice Magic
 19662 | Lair:3   | Noticed a six-headed hydra
 19673 | Lair:3   | Killed a six-headed hydra
 19794 | Lair:3   | Learned a level 2 spell: Swiftness
 19961 | Lair:4   | Noticed a catoblepas
 20716 | Lair:4   | Learned a level 6 spell: Bolt of Cold
 20744 | Lair:4   | Reached skill level 1 in Conjurations
 21133 | Lair:5   | Noticed a six-headed hydra
 21146 | Lair:5   | Killed a six-headed hydra
 21307 | Lair:5   | Noticed a five-headed hydra
 21307 | Lair:5   | Reached skill level 5 in Ice Magic
 21320 | Lair:5   | Killed a five-headed hydra
 21373 | Lair:5   | Reached XP level 12. HP: 48/59 MP: 15/31
 21627 | Lair:5   | Reached skill level 5 in Conjurations
 22302 | Lair:6   | Identified a scroll of acquirement
 22642 | Lair:6   | Reached skill level 1 in Invocations
 22695 | Lair:6   | Learned a level 2 spell: Repel Missiles
 22893 | Lair:6   | Found a staircase to the Swamp.
 22931 | Swamp:1  | Entered Level 1 of the Swamp
 22987 | Swamp:1  | Noticed an eight-headed hydra
 22993 | Swamp:1  | Slain by an eight-headed hydra

Action                   |  1- 3 |  4- 6 |  7- 9 | 10-12 || total
-------------------------+-------+-------+-------+-------++-------
Melee: Hand axe          |     8 |       |       |       ||     8
       Dagger            |     6 |       |       |       ||     6
       Trident           |    56 |    53 |       |       ||   109
       Spear             |     7 |       |       |       ||     7
       Long sword        |       |     6 |   183 |   114 ||   303
       Staff             |       |       |       |    16 ||    16
 Cast: Summon Small Mamm |    20 |       |       |     2 ||    22
       Call Canine Famil |     8 |     6 |     3 |     1 ||    18
       Summon Lightning  |       |    23 |    65 |   147 ||   235
       Summon Ice Beast  |       |    10 |    55 |   116 ||   181
       Summon Hydra      |       |       |       |     7 ||     7
       Swiftness         |       |       |       |     2 ||     2
       Bolt of Cold      |       |       |       |     1 ||     1
       Repel Missiles    |       |       |       |     1 ||     1
Invok: Lesser Healing    |       |       |     1 |       ||     1
       Heal Other        |       |       |     3 |     1 ||     4
       Greater Healing   |       |       |       |    16 ||    16
Evoke: Wand              |       |       |       |     6 ||     6
       Rod               |       |       |       |     1 ||     1
  Use: Potion            |     1 |     3 |     2 |    16 ||    22
       Scroll            |       |    11 |     4 |    21 ||    36
 Stab: Sleeping          |     6 |       |     1 |     3 ||    10
       Distracted        |     1 |       |     2 |     2 ||     5
  Eat: Bread ration      |     1 |     1 |     2 |       ||     4
       Chunk             |     3 |     8 |    12 |    27 ||    50
       Beef jerky        |       |     1 |       |     1 ||     2
       Fruit             |       |       |     2 |    20 ||    22
       Pizza             |       |       |       |     3 ||     3
